 Dungeon Crawl Stone Soup version bcrawl-1.19.1 (webtiles) character file.

Game seed: 3039105683559890860

9 Niddhogr the Stinger (level 2, 19/19 HPs)
             Began as a Demonspawn Venom Mage on Dec 3, 2019.
             Got out of the dungeon alive.
             The game lasted 00:01:14 (453 turns).

Niddhogr the Stinger (Demonspawn Venom Mage)         Turns: 453, Time: 00:01:14

Health: 19/19      AC:  2    Str:  8    XL:     2   Next: 3%
Magic:  5/5        EV: 12    Int: 16    God:
Gold:   11         SH:  0    Dex: 13    Spells: 4/5 levels left

rFire    . . .     SeeInvis .   i - +0 spear
rCold    . . .     Gourm    .   (no shield)
rNeg     . . .     Faith    .   a - +0 robe
rPois    .         Spirit   .   (no helmet)
rElec    .         Reflect  .   (no cloak)
rCorr    .         Harm     .   (no gloves)
MR       .....                  (no boots)
Stlth    ++........             (no amulet)
HPRegen  0.06/turn              (no ring)
MPRegen  0.09/turn              (no ring)

@: no status effects
A: spiny 1
a: no special abilities


You escaped.
You were not hungry.

You visited 1 branch of the dungeon, and saw 1 of its levels.

You collected 11 gold pieces.

Inventory:

Hand Weapons
 i - a +0 spear (weapon)
Missiles
 e - 238 arrows
 h - a throwing net {!f=f}
 Q - 3 stones (quivered)
Armour
 a - a +0 robe (worn)
Scrolls
 b - a scroll of blinking {unknown}
 k - a scroll of enchant weapon {unknown}
Potions
 c - a potion of berserk rage {!q}
 d - a potion of degeneration {!q}
 j - a potion of haste {unknown}
Comestibles
 f - a ration {!d}
 g - 4 chunks of flesh


   Skills:
 + Level 0.3 Polearms
 - Level 1.7 Dodging
 - Level 2.0 Stealth
 - Level 2.0 Spellcasting
 - Level 1.0 Conjurations
 * Level 3.5 Poison Magic


You had 4 spell levels left.
You knew the following spells:

 Your Spells              Type           Power        Failure   Level  Hunger
a - Sting                 Conj/Pois      #...         9%          1    #......

Your spell library contained the following spells:

 Spells                   Type           Power        Failure   Level  Hunger
 Poisonous Vapours        Pois/Air       #.....       16%         2    ###....
 Ignite Poison            Fire/Tmut/Pois #.......     36%         3    ###....
 Olgreb's Toxic Radiance  Pois           ##......     43%         4    #####..
 Summon Scorpions         Summ/Pois      #.......     69%         4    #####..
 Venom Bolt               Conj/Pois      #.........   92%         5    ######.


Dungeon Overview and Level Annotations

Branches:
Dungeon (1/12)

Altars:


Innate Abilities, Weirdness & Mutations

You are partially covered in sharp spines.


Message History

You reach to attack!
You closely miss the giant cockroach.
You kill the giant cockroach!
You have reached level 2!
Your demonic ancestry asserts itself...
Sharp spines emerge from parts of your body.
Health restored: 19 Unknown command.
You can't go down here!
Your magical contamination has completely faded away.
You see here a +0 dagger.
You enter the shallow water.
Moving in this stuff is going to be slow.
Some of the chunks of flesh in your inventory have rotted away.
There is an open door here.
You open the door.
There is an open door here.
There is a staircase leading out of the dungeon here.
MP restored: 5 Are you sure you want to leave the Dungeon?
This will make you lose the game!
You have escaped!

...#.........# #+#
##.#.........# ##.##
##.#.........# #...#
##.#.........# #...#
##.#.).......# #'#'#
##...........# ♣#.#.#♣
####.........#####.#.####
#####.#...#####....#....#
......###### #.@..#..⌠.#
######..)..# #....#....#
....)#.##.## ####.#.####
#[##.#.##.#### ♣#.#.#♣
#.##.#.#.....# #'#'#
#.##.#.##.##.# #...#
#.##.........## #...#
#.####.#####..## ##.##
#÷# ##.........####'##


There were no monsters in sight!

Levels and vault maps discovered:
D:1:      sevenhm_arrival_forest_fort_small_1, layout_basic,
          chequers_serial_rivers_small_b

Notes
Turn   | Place    | Note
-------+----------+-------------------------------------------
     0 | D:1      | Niddhogr the Demonspawn Venom Mage began the quest for the
                  | Orb.
     0 | D:1      | Reached XP level 1. HP: 13/13 MP: 3/3
    34 | D:1      | Identified a +0 dagger
   153 | D:1      | Identified a +0 spear (You found it on level 1 of the
                  | Dungeon)
   160 | D:1      | Identified a +0 short sword
   273 | D:1      | Identified a +0 club
   392 | D:1      | Gained mutation: You are partially covered in sharp spines.
                  | [demonic ancestry]
   392 | D:1      | Reached XP level 2. HP: 19/19 MP: 1/5
   453 | D:$      | Got out of the dungeon alive.

Table legend:
 A = Turns spent in this place as a percentage of turns spent in the entire game.
 B = Non-inter-level travel turns spent in this place as a percentage of non-inter-level travel turns spent in the entire game.
 C = Inter-level travel turns spent in this place as a percentage of turns spent in this place.
 D = Turns resting spent in this place as a percentage of non-inter-level travel turns spent in this place.
 E = Turns spent auto-exploring this place as a percentage of non-inter-level travel turns spent in this place.
 F = Non-inter-level travel turns spent in this place divided by the number of levels of this place that you've seen.
                   A       B       C       D       E      F
               +-------+-------+-------+-------+-------+----------------------
         Total | 100.0 | 100.0 |  19.2 |   1.6 |  82.2 | 366.0
       Dungeon | 100.0 | 100.0 |  19.2 |   1.6 |  82.2 | 366.0
               +-------+-------+-------+-------+-------+----------------------

Table legend:
 A = Kills in this place as a percentage of kills in entire the game.
 B = Kills by you in this place as a percentage of kills by you in the entire game.
 C = Kills by friends in this place as a percentage of kills by friends in the entire game.
 D = Other kills in this place as a percentage of other kills in the entire game.
 E = Experience gained in this place as a percentage of experience gained in the entire game.
 F = Experience gained in this place divided by the number of levels of this place that you have seen.
                   A       B       C       D       E      F
               +-------+-------+-------+-------+-------+----------------------
         Total | 100.0 | 100.0 |   N/A |   N/A | 100.0 |  13.0
       Dungeon | 100.0 | 100.0 |   N/A |   N/A | 100.0 |  13.0
               +-------+-------+-------+-------+-------+----------------------

Action                   || total
-------------------------++-------
Melee: Spear             ||     8
       Unarmed           ||     4
 Cast: Sting             ||     6
 Stab: Sleeping          ||     1
Armor: Robe              ||     2
Dodge: Dodged            ||     7

Vanquished Creatures
  2 bats (D:1)
  A giant cockroach (D:1)
  2 goblins (D:1)
  A hobgoblin (D:1)
  A kobold (D:1)
  A rat (D:1)
8 creatures vanquished.
